 Dungeon Crawl Stone Soup version 0.28-a0-655-g4eb62b627b (webtiles) character file.

Game seed: 16097257975602695094

67 ytrimaz the Sneak (level 4, -3/29 HPs)
             Began as an Octopode Brigand on Oct 12, 2021.
             Slain by a hound (5 damage)
             ... on level 3 of the Dungeon.
             The game lasted 00:02:33 (2437 turns).

ytrimaz the Sneak (Octopode Brigand)                Turns: 2437, Time: 00:02:34

Health: -3/29      AC:  1    Str: 10    XL:     4   Next: 16%
Magic:  4/4        EV: 13    Int: 13    God:
Gold:   112        SH:  0    Dex: 14    Spells: 3/3 levels left

rFire   . . .      SeeInvis .   a - +2 dagger
rCold   . . .      Faith    .   (no shield)
rNeg    + . .      Spirit   .   (helmet restricted)
rPois   .          Reflect  .   (no amulet)
rElec   .          Harm     .   e - ring of positive energy
rCorr   .          Rampage  .   (no ring)
Will    .....                   (no ring)
Stlth   ++++......              (no ring)
HPRegen 0.09/turn               (no ring)
MPRegen 0.09/turn               (no ring)
                                (no ring)
                                (no ring)

@: no status effects
A: almost no armour, amphibious, 8 rings, camouflage 1, gelatinous body 1,
(nimble swimmer 1), tentacles
a: no special abilities


You were on level 3 of the Dungeon.
You visited 1 branch of the dungeon, and saw 3 of its levels.

You collected 112 gold pieces.

Inventory:

Hand Weapons
 a - a +2 dagger (weapon)
Missiles
 b - 8 poisoned darts (quivered)
 c - 2 curare-tipped darts
Jewellery
 e - a ring of positive energy (left tentacle)
Scrolls
 i - a scroll of vulnerability {unknown}
Potions
 f - a potion of lignification {unknown}
 g - a potion of mutation {unknown}
 h - a potion of flight {unknown}


   Skills:
 + Level 2.1 Fighting
 + Level 2.2 Short Blades
 + Level 2.1 Throwing
 + Level 1.4 Dodging
 + Level 7.1 Stealth


You had 3 spell levels left.
You didn't know any spells.
Your spell library was empty.

Dungeon Overview and Level Annotations

Branches:
Dungeon (3/15)

Altars:


Innate Abilities, Weirdness & Mutations

You cannot wear most types of armour.
You are amphibious.
You can wear up to eight rings at the same time.
Your skin changes colour to match your surroundings (Stealth+).
Your rubbery body absorbs attacks. (AC +1, EV +1)
((You are camouflaged near water. (Stealth+)))
You have tentacles for arms and can constrict up to eight enemies at once.


Message History

A rat is nearby!
A rat is nearby!
A hound comes into view.
The rat barely misses you.
You hit the rat but do no damage. You grab the rat. You squeeze the rat.
You kill the rat!
You see here a rat corpse.
A shadow imp comes into view.
The shadow imp shouts!
You hear a shout!
The shadow imp gestures at you. Pain shoots through your body!
A kobold comes into view. It is wielding a +0 short sword.
The hound barks!
The hound pauses to sniff the ground.
The hound bites you. The hound barely misses you. The hound misses you.
The shadow imp summons a swarm of flies.
You hit the hound. Your grab misses the hound.
The hound is lightly wounded.
The hound bites you. The hound bites you. The hound bites you.
Items here: )))) [[ รท.
You are too injured to fight recklessly!
You are too injured to fight recklessly!
You are too injured to fight recklessly!
The hound bites you but does no damage. The hound bites you.
The shadow imp spits at you. The hound bites you.
* * * LOW HITPOINT WARNING * * *
As you read the scroll labelled MAEFISCHILIE, it crumbles to dust.
Your body is wracked with pain!
* * * LOW HITPOINT WARNING * * *
The hound convulses!
The kobold convulses!
It was a scroll of torment.
The hound bites you.
* * * LOW HITPOINT WARNING * * *
The hound bites you.
You die...

#.......# #.#####.# #.#
#.# #.# #.# ########
#.#####.# .......#
#.#.....# .#####.#
#.#.##### .....#.#
#.#.##########
.....#.####.#.5h@.......
.....<...)..K.#########.
#..#....###.#.#
........>#..#.#
##...##.##.##.#
.....##....##.#
##...##.#####.#
##...##.# #.# ##...##.#
.#


You could see a hound, a shadow imp and a kobold.

Vanquished Creatures
  An adder (D:2)
  A worm (D:2)
  A dart slug (D:1)
  4 orcs (D:3)
  6 ball pythons
  2 endoplasms
  4 giant cockroaches
  2 hobgoblins
  5 jackals (D:1)
  2 kobolds (D:2)
  2 quokkas
  3 bats
  2 frilled lizards
  6 goblins
  3 rats
44 creatures vanquished.

Notes
Turn   | Place    | Note
-------+----------+-------------------------------------------
     0 | D:1      | ytrimaz the Octopode Brigand began the quest for the Orb.
     0 | D:1      | Reached XP level 1. HP: 14/14 MP: 1/1
   195 | D:1      | Reached XP level 2. HP: 18/19 MP: 2/2
   303 | D:1      | Reached skill level 6 in Stealth
   731 | D:1      | Reached XP level 3. HP: 23/24 MP: 3/3
  1842 | D:2      | Found a faded altar of an unknown god.
  1844 | D:2      | Reached skill level 7 in Stealth
  2004 | D:3      | Reached XP level 4. HP: 29/29 MP: 4/4
  2437 | D:3      | Slain by a hound

Illustrated notes

Levels and vault maps discovered:
D:1:      denvon_arrival_planthouse, layout_basic, minmay_split_cup_small
D:2:      layout_loops_corners, ebering_ecumenical_altar_hall
D:3:      minmay_roachtagon, layout_basic, jmf_multi_god_temple,
          kennysheep_generic_room_4

Skill      XL: |  1  2  3 |
---------------+----------+-----
Stealth        | 6 7 |  7.1
Fighting       | |  2.1
Short Blades   | |  2.2
Throwing       | |  2.1
Dodging        | |  1.4

Action                   |  1- 3 |  4- 6 || total
-------------------------+-------+-------++-------
Melee: Dagger            |    65 |    11 ||    76
       Constrict         |    15 |     3 ||    18
       Tentacles         |     9 |     2 ||    11
  Use: Scroll            |       |     1 ||     1
 Stab: Sleeping          |    14 |     1 ||    15
       Distracted        |     1 |       ||     1
Armor: Skin              |     4 |     2 ||     6
Dodge: Dodged            |    28 |     4 ||    32

Table legend: (Time is in decaauts)
 A = Elapsed time spent in this place.
 B = Non-inter-level travel time spent in this place.
 C = Inter-level travel time spent in this place.
 D = Time resting spent in this place.
 E = Time spent auto-exploring this place.
 F = Levels seen in this place.
 G = Mean time per level.
                   A        B        C        D        E       F      G
               +--------+--------+--------+--------+--------+-----+--------+
         Total |   2428 |   2384 |     44 |    390 |   1629 |   3 |  809.3 |
       Dungeon |   2428 |   2384 |     44 |    390 |   1629 |   3 |  809.3 |
               +--------+--------+--------+--------+--------+-----+--------+

Top non-repeatable levels by time:
     D:1: 1054 daAuts
     D:2: 929 daAuts
     D:3: 444 daAuts
